 Dungeon Crawl Stone Soup version 0.29-a0-25-g7f48f510a0 (webtiles) character file.

Game seed: 16234616422974614372

224 enile the Sneak (level 6, -2/43 HPs)
             Began as an Octopode Wanderer on Jan 31, 2022.
             Slain by an orc priest (4 damage)
             ... on level 4 of the Dungeon.
             The game lasted 00:06:40 (4229 turns).

enile the Sneak (Octopode Wanderer)                 Turns: 4229, Time: 00:06:40

Health: -2/43      AC:  5    Str:  9    XL:     6   Next: 0%
Magic:  9/9        EV: 13    Int: 19    God:
Gold:   140        SH:  0    Dex: 11    Spells: 4/9 levels left

rFire   + . .      SeeInvis .   l - +1 dagger (venom)
rCold   x . .      Faith    .   (no shield)
rNeg    . . .      Spirit   .   b - +0 hat
rPois   .          Reflect  .   (no amulet)
rElec   .          Harm     .   j - +4 ring of protection
rCorr   .          Rampage  .   o - ring of fire
Will    .....                   (no ring)
Stlth   +++.......              (no ring)
HPRegen 0.14/turn               (no ring)
MPRegen 0.11/turn               (no ring)
                                (no ring)
                                (no ring)

@: no status effects
A: almost no armour, amphibious, 8 rings, camouflage 1, gelatinous body 1,
(nimble swimmer 1), tentacles
a: no special abilities


You were on level 4 of the Dungeon.
You visited 1 branch of the dungeon, and saw 4 of its levels.

You collected 140 gold pieces.

Inventory:

Hand Weapons
 a - a +0 dagger
 f - a +0 short sword
 i - a +1 dagger of electrocution
 l - a +1 dagger of venom (weapon)
 q - a +0 long sword
Missiles
 d - 3 atropa-tipped darts (quivered)
 m - 2 poisoned darts
Armour
 b - a +0 hat (worn)
Jewellery
 j - a +4 ring of protection (left tentacle)
 o - a ring of fire (right tentacle)
Scrolls
 c - 2 scrolls of identify {unknown}
 e - a scroll of fog {unknown}
 h - a scroll of vulnerability {unknown}
 n - a scroll of fear {unknown}
 t - a scroll of teleportation {unknown}
Potions
 p - 2 potions of mutation {unknown}
 s - a potion of degeneration {unknown}
 u - a potion of heal wounds {unknown}


   Skills:
 - Level 4.0 Fighting
 - Level 1.0 Short Blades
 - Level 1.0 Throwing
 - Level 2.0 Dodging
 - Level 4.0 Stealth
 - Level 2.0 Spellcasting
 + Level 3.7 Hexes
 - Level 1.0 Summonings


You had 4 spell levels left.
You knew the following spells:

 Your Spells              Type           Power      Damage    Failure   Level
a - Slow                  Hex            64%        N/A       3%          1
b - Summon Small Mammal   Summ           20%        N/A       11%         1
c - Tukima's Dance        Hex            16%        N/A       11%         3

Your spell library contained the following spells:

 Spells                   Type           Power      Damage    Failure   Level
 Call Canine Familiar     Summ           5%         N/A       32%         3
 Cause Fear               Hex            8%         N/A       34%         4


Dungeon Overview and Level Annotations

Branches:
Dungeon (4/15)
 Temple: D:4-7

Altars:

Shops:
D:3 *


Innate Abilities, Weirdness & Mutations

You cannot wear most types of armour.
You are amphibious.
You can wear up to eight rings at the same time.
Your skin changes colour to match your surroundings (Stealth+).
Your rubbery body absorbs attacks. (AC +1, EV +1)
((You are camouflaged when in or above water. (Stealth+)))
You have tentacles for arms and can constrict up to eight enemies at once.


Message History

Sorry, you're not good enough to have a special ability.
Throw: 5 darts (atropa)
Press: ? - help, Q - select action, (/) - cycle Shift-Dir - straight line, f - orc priest
Aim: an orc priest, wielding a +1 vampiric trident and wearing a +0 leather armour (moderately wounded, poisoned, 57% to hit, chance to blind on hit: 86%)
You throw an atropa-tipped dart.
The atropa-tipped dart closely misses the orc priest.
The hound skeleton bites you but does no damage.
The endoplasm hits you but does no damage.
The orc priest hits you but does no damage.
Throw: 4 darts (atropa)
Press: ? - help, Q - select action, (/) - cycle Shift-Dir - straight line, f/p - orc priest
Aim: an orc priest, wielding a +1 vampiric trident and wearing a +0 leather armour (moderately wounded, poisoned, 57% to hit, chance to blind on hit: 86%)
You throw an atropa-tipped dart.
The atropa-tipped dart barely misses the orc priest.
The hound skeleton bites you but does no damage.
The endoplasm hits you but does no damage.
The orc priest looks satisfied for a moment.
It was a potion of curing.
You feel better.
The orc priest looks more healthy.
The hound skeleton barely misses you. The hound skeleton bites you.
* * * LOW HITPOINT WARNING * * *
The endoplasm freezes you.
You are frozen.
You feel a terrible chill!
* * * LOW HITPOINT WARNING * * *
The orc priest hits you but does no damage.
You hit the endoplasm but do no damage.
The endoplasm is poisoned.
The hound skeleton bites you but does no damage.
The endoplasm jiggles.
The endoplasm freezes you.
You are frozen.
You feel a terrible chill!
* * * LOW HITPOINT WARNING * * *
The orc priest looks encouraged for a moment.
It was a potion of cancellation.
Your magical effects are unravelling.
You feel magically purged.
You feel less wooden.
Your +0 hat unmelds from your body.
The hound skeleton bites you.
* * * LOW HITPOINT WARNING * * *
The endoplasm barely misses you.
The orc priest hits you from afar with a +1 vampiric trident.
You die...

.. ..... . .#.. .
.. ... ..
...########.# ...
............#....
..............#
#.....Z...#
#....@J)..#
####+#.o###
.....(# ####.#.#
..#.# ### . ##


You could see an orc priest, an endoplasm (very poisoned) and a hound skeleton.

Vanquished Creatures
  2 orc wizards (D:3)
  A killer bee zombie (D:4)
  6 adders
  4 dart slugs
  6 orcs
  6 ball pythons
  5 bats
  4 endoplasms
  3 giant cockroaches
  4 goblins
  8 hobgoblins
  4 jackals (D:1)
  8 kobolds
  A quokka (D:3)
  4 frilled lizards
  10 rats
76 creatures vanquished.

Vanquished Creatures (collateral kills)
  An adder (D:3)
  An endoplasm (D:1)
  A hobgoblin (D:2)
  A frilled lizard (D:1)
4 creatures vanquished.

Grand Total: 80 creatures vanquished

Notes
Turn   | Place    | Note
-------+----------+-------------------------------------------
     0 | D:1      | enile the Octopode Wanderer began the quest for the Orb.
     0 | D:1      | enile set off with the following items: a +0 dagger, a +0
                  | hat; and the following spells available to memorise: Slow,
                  | Summon Small Mammal, Tukima's Dance, Call Canine Familiar,
                  | Cause Fear
     0 | D:1      | Reached XP level 1. HP: 13/13 MP: 3/3
    32 | D:1      | Learned a level 1 spell: Slow
    35 | D:1      | Learned a level 1 spell: Summon Small Mammal
   274 | D:1      | Reached XP level 2. HP: 12/19 MP: 0/5
   929 | D:1      | Reached XP level 3. HP: 14/25 MP: 3/6
  1165 | D:1      | Learned a level 3 spell: Tukima's Dance
  1323 | D:1      | Reached skill level 1 in Short Blades
  1909 | D:2      | Reached skill level 1 in Dodging
  1972 | D:2      | Reached XP level 4. HP: 29/31 MP: 7/7
  2747 | D:3      | Found Atiraux's Assorted Antiques.
  2761 | D:3      | Reached XP level 5. HP: 36/36 MP: 4/8
  2952 | D:3      | Found a faded altar of an unknown god.
  3845 | D:3      | Reached XP level 6. HP: 12/43 MP: 9/9
  4229 | D:4      | HP: 2/43 [hound skeleton (2)]
  4229 | D:4      | Slain by an orc priest

Illustrated notes

Levels and vault maps discovered:
D:1:      dpeg_arrival_castle, layout_loops_ring, minmay_misc_feat_ornament
D:2:      layout_loops_ring
D:3:      layout_basic, shapermc_ecumenical_altar_notcrosses, serial_shops,
          nicolae_shop_competitors_out_of_business, grunt_ministairs_1
D:4:      layout_basic, minmay_temple_entry_purple_smoke

Skill      XL: |  1  2  3  4  5 |
---------------+----------------+-----
Fighting       | 2 3 4 |  4.0
Short Blades   | 1 |  1.0
Dodging        | 1 2 |  2.0
Stealth        | 4 |  4.0
Throwing       | |  1.0
Spellcasting   | |  2.0
Hexes          | |  3.7
Summonings     | |  1.0

Action                   |  1- 3 |  4- 6 || total
-------------------------+-------+-------++-------
Melee: Dagger            |    94 |   105 ||   199
       Constrict         |    24 |    23 ||    47
       Tentacles         |    14 |    23 ||    37
       Punch             |     2 |     2 ||     4
Throw: Dart              |       |     2 ||     2
 Cast: Slow              |    15 |     6 ||    21
       Summon Small Mamm |    11 |    24 ||    35
       Tukima's Dance    |       |     1 ||     1
  Use: Potion            |       |     3 ||     3
 Stab: Sleeping          |     3 |     6 ||     9
Armor: Skin              |     8 |    39 ||    47
Dodge: Dodged            |    46 |    88 ||   134

Table legend: (Time is in decaauts)
 A = Elapsed time spent in this place.
 B = Non-inter-level travel time spent in this place.
 C = Inter-level travel time spent in this place.
 D = Time resting spent in this place.
 E = Time spent auto-exploring this place.
 F = Levels seen in this place.
 G = Mean time per level.
                   A        B        C        D        E       F      G
               +--------+--------+--------+--------+--------+-----+--------+
         Total |   4226 |   4100 |    126 |    604 |   2848 |   4 | 1056.5 |
       Dungeon |   4226 |   4100 |    126 |    604 |   2848 |   4 | 1056.5 |
               +--------+--------+--------+--------+--------+-----+--------+

Top non-repeatable levels by time:
     D:1: 1720 daAuts
     D:3: 1564 daAuts
     D:2: 795 daAuts
     D:4: 146 daAuts
